 Dungeon Crawl Stone Soup version 0.20.1-1-g8b1a95d (webtiles) character file.

134 Dawnplanks the Chopper (level 4, 0/40 HPs)
             Began as a Draconian Berserker on Nov 25, 2017.
             Was a Believer of Trog.
             Slain by an orc
             ... wielding a +0 mace
              (8 damage)
             ... on level 3 of the Dungeon.
             The game lasted 00:04:38 (1653 turns).

Dawnplanks the Chopper (Draconian Berserker)        Turns: 1653, Time: 00:04:39

Health: 0/40       AC:  5    Str: 20    XL:     4   Next: 95%
Magic:  4/4        EV:  8    Int:  7    God:    Trog [**....]
Gold:   105        SH: 12    Dex: 11    Spells: 3/3 levels left

rFire    . . .     SeeInvis .   o - +1 mace (drain)
rCold    . . .     Gourm    .   p - +0 large shield
rNeg     . . .     Faith    .   (armour unavailable)
rPois    .         Spirit   .   (helmet restricted)
rElec    .         Reflect  .   (no cloak)
rCorr    .         Harm     .   (no gloves)
MR       ++...                  (no boots)
Stlth    +.........             (no amulet)
Regen    1.2/turn               v - ring of wizardry
MPRegen  0.1/turn               (no ring)

@: regenerating
A: unfitting armour, cold-blooded, AC +5
a: Berserk, Trog's Hand, Burn Spellbooks, Renounce Religion


You were on level 3 of the Dungeon.
You worshipped Trog.
Trog was pleased with you.
You were not hungry.

You visited 1 branch of the dungeon, and saw 3 of its levels.

You collected 105 gold pieces.

Inventory:

Hand Weapons
 a - a +0 hand axe
 l - a cursed -2 dagger
 o - a +1 mace of draining (weapon)
 r - a +2 dagger of venom
Armour
 p - a +0 large shield (worn)
Jewellery
 v - a ring of wizardry (left hand)
Wands
 x - a wand of polymorph (5/24)
 y - a wand of paralysis (6/24)
Scrolls
 e - a scroll of random uselessness {unknown}
 g - 4 scrolls of teleportation {unknown}
 h - a scroll of magic mapping {unknown}
 j - 5 scrolls of blinking {unknown}
 n - 2 scrolls of remove curse {unknown}
 q - 2 scrolls of amnesia {unknown}
 t - 2 scrolls of enchant weapon {unknown}
 w - a scroll of identify {unknown}
Potions
 d - a potion of lignification {unknown}
 f - a potion of heal wounds {unknown}
 k - 2 potions of curing {unknown}
 m - 3 potions of berserk rage {unknown}
 s - 2 potions of brilliance {unknown}
Comestibles
 b - 2 bread rations
 c - a meat ration
 i - 2 royal jellies
 u - 4 fruits


   Skills:
 + Level 3.9 Fighting
 + Level 4.1(4.2) Axes
 + Level 1.3(2.9) Maces & Flails
 + Level 3.5 Dodging
 + Level 1.0 Shields


You had 3 spell levels left.
You didn't know any spells.

Dungeon Overview and Level Annotations

Branches:
Dungeon (3/15)

Altars:


Innate Abilities, Weirdness & Mutations

Your plain brown scales are hard. (AC +5)
You cannot fit into any form of body armour.
You are cold-blooded and may be slowed by cold attacks.


Message History

The orc hits you but does no damage.
You sock the orc!
You kill the orc!
Trog accepts your kill. You block the adder's attack.
The orc hits you but does no damage. The adder completely misses you.
The orc hits you with a mace.
* * * LOW HITPOINT WARNING * * *
You closely miss the orc.
Your tail-slap misses the orc.
You block the adder's attack. The adder bites you.
* * * LOW HITPOINT WARNING * * *
You block the orc's attack.
You closely miss the orc. The adder misses you.
The adder bites you but does no damage. The orc barely misses you.
You barely miss the orc. You block the adder's attack.
The orc barely misses you. The adder barely misses you.
Your skin crawls.
You feel resistant to hostile enchantments.
You feel somewhat more hungry. The adder bites you but does no damage.
The orc hits you with a mace!
You die...

####
##...#
.....##
.....## #
#....#.###
#.)[o....#
#@.#
#.S.)#
#..#.#
...# .#
>##. .# ..
.. .# # ##
.. ..


You could see an adder and an orc.

Vanquished Creatures
  An orc priest (D:3)
  Jessica (D:3)
  2 adders
  An ooze (D:2)
  A worm (D:3)
  A leopard gecko (D:2)
  An orc (D:3)
  4 giant cockroaches
  10 goblins
  7 hobgoblins
  A ball python (D:2)
  5 bats
  2 frilled lizards
  8 kobolds
  5 rats
50 creatures vanquished.

Notes
Turn   | Place    | Note
-------+----------+-------------------------------------------
     0 | D:1      | Dawnplanks the Draconian Berserker began the quest for the Orb.
     0 | D:1      | Reached XP level 1. HP: 19/19 MP: 1/1
    99 | D:1      | Reached XP level 2. HP: 13/26 MP: 2/2
   784 | D:1      | Reached XP level 3. HP: 29/31 MP: 3/3
   893 | D:2      | Reached ** piety under Trog
  1147 | D:2      | Found a faded altar of an unknown god.
  1523 | D:3      | Noticed Jessica
  1529 | D:3      | Killed Jessica
  1529 | D:3      | Reached skill level 4 in Axes
  1529 | D:3      | Reached XP level 4. HP: 40/40 MP: 4/4
  1646 | D:3      | Reached skill level 1 in Maces & Flails
  1646 | D:3      | Reached skill level 1 in Shields
  1653 | D:3      | Slain by an orc

Skill      XL: |  1  2  3  4 |
---------------+-------------+-----
Dodging        | 3 |  3.5
Axes           | 4 |  4.1
Maces & Flails | 1 |  1.3
Shields        | 1 |  1.0
Fighting       | |  3.9

Action                   |  1- 3 |  4- 6 || total
-------------------------+-------+-------++-------
Melee: Hand axe          |    86 |       ||    86
       Tailslap          |     8 |     1 ||     9
       Mace              |    23 |    23 ||    46
Invok: Berserk           |     1 |       ||     1
       Trog's Hand       |       |     1 ||     1
  Eat: Fruit             |     2 |       ||     2
       Meat ration       |       |     1 ||     1
Armor: Skin              |    34 |     8 ||    42
Dodge: Dodged            |    92 |    15 ||   107
Block: Large shield      |    21 |    17 ||    38
